 Dungeon Crawl Stone Soup version 0.24-a0-217-g1152973 (webtiles) character file.

Game seed: 3380894486557279910

168746 Point the Severer (level 17, -14/160 HPs)
             Began as a Hill Orc Fighter on Mar 29, 2019.
             Was a High Priest of Okawaru.
             Killed from afar by a crystal guardian (34 damage)
             ... with a crystal bolt
             ... on level 2 of the Depths.
             The game lasted 02:00:44 (33273 turns).

Point the Severer (Hill Orc Fighter)               Turns: 33273, Time: 02:00:45

Health: -14/160    AC: 34    Str: 24    XL:     17   Next: 95%
Magic:  4/27       EV: 14    Int:  8    God:    Okawaru [*****.]
Gold:   2197       SH: 23    Dex: 12    Spells: 20/21 levels left

rFire    + . .     SeeInvis +   a - +4 broad axe
rCold    . . .     Gourm    .   E - +2 shield {rF+}
rNeg     . . .     Faith    .   q - +2 plate armour {rPois}
rPois    +         Spirit   .   Q - +2 hat {MR+}
rElec    +         Reflect  +   P - +1 cloak {+Inv}
rCorr    .         Harm     .   G - +0 pair of gloves of Listlessness {*Slow +Blink rElec SInv}
MR       ++...                  (no boots)
Stlth    ..........             z - +5 amulet of reflection
HPRegen  0.36/turn              s - +4 ring of protection
MPRegen  0.20/turn              o - +4 ring of evasion

@: about to teleport, heroism, finesse
A: slimy green scales 1, deterioration 1, MP-powered wands
a: Heroism, Finesse, Renounce Religion, Evoke Blink, Evoke Invisibility


You were on level 2 of the Depths.
You worshipped Okawaru.
Okawaru was extremely pleased with you.
You were not hungry.

You visited 4 branches of the dungeon, and saw 25 of its levels.
You also visited: Sewer and Ossuary.

You collected 2897 gold pieces.
You spent 700 gold pieces at shops.

Inventory:

Hand Weapons
 a - a +4 broad axe (weapon)
 b - the +7 flail of Instinct {antimagic, rPois Int+3}
   (You found it on level 4 of the Dungeon)

   It reduces the magical energy of the wielder, and disrupts the spells and
   magical abilities of those hit.
   Natural abilities and divine invocations are not affected.
   It affects your intelligence (+3).
   It protects you from poison.
 K - the +9 trident "Hydrabane" {venom, Dex+4}
   (Okawaru gifted it to you on level 4 of the Lair of Beasts)

   It poisons the flesh of those it strikes.
   It affects your dexterity (+4).
Missiles
 p - 7 throwing nets
 F - 10 javelins (quivered)
Armour
 q - a +2 plate armour of poison resistance (worn)
 u - a +2 chain mail of magic resistance
 E - a +2 shield of fire resistance (worn)
 G - the +0 pair of gloves of Listlessness (worn) {*Slow +Blink rElec SInv}
   (Okawaru gifted it to you on level 13 of the Dungeon)

   It insulates you from electricity.
   It lets you see invisible.
   It lets you blink.
   It may slow you when you take damage.
 J - +0 fire dragon scales
 P - a +1 cloak of invisibility (worn)
 Q - a +2 hat of magic resistance (worn)
 R - a +2 cloak of magic resistance
 V - a +2 buckler of cold resistance
Jewellery
 d - an uncursed amulet of rage
 m - an uncursed ring of protection from fire
 o - a +4 ring of evasion (right hand)
 s - a +4 ring of protection (left hand)
 z - a +5 amulet of reflection (around neck)
 M - an uncursed ring of positive energy
 Z - an uncursed ring of ice
Wands
 k - a wand of iceblast (14)
 w - a wand of paralysis (24)
 y - a wand of digging (8)
 H - a wand of scattershot (9)
 N - a wand of flame (77)
 O - a wand of acid (4)
 T - a wand of disintegration (5)
Scrolls
 j - 2 scrolls of fear
 l - 5 scrolls of identify
 t - 3 scrolls of magic mapping
 v - 4 scrolls of immolation
 A - 7 scrolls of remove curse
 I - 8 scrolls of teleportation
 W - a scroll of fog
Potions
 c - 5 potions of cancellation
 e - 8 potions of flight
 g - 4 potions of haste
 h - 9 potions of curing
 i - a potion of ambrosia
 x - a potion of heal wounds
 C - 4 potions of berserk rage
 L - 2 potions of agility
 X - 4 potions of invisibility
Miscellaneous
 n - a lamp of fire
 r - a phantom mirror
Comestibles
 f - 30 rations


   Skills:
 + Level 16.7(21.7) Fighting
 - Level 18.0(23.0) Axes
 + Level 0.2(5.2) Throwing
 * Level 15.5(20.5) Armour
 - Level 0.8(5.8) Stealth
 - Level 15.4(20.4) Shields
 - Level 2.5 Spellcasting
 - Level 3.9 Hexes
 - Level 13.5 Invocations
 - Level 8.1 Evocations


You had 20 spell levels left.
You knew the following spells:

 Your Spells              Type           Power        Failure   Level  Hunger
a - Confusing Touch       Hex            #.....       36%         1    ##.....

Your spell library contained the following spells:

 Spells                   Type           Power        Failure   Level  Hunger
 Animate Skeleton         Necr           N/A          88%         1    ##.....
 Apportation              Tloc           #.....       88%         1    ##.....
 Summon Small Mammal      Summ           #...         88%         1    ##.....
 Blink                    Tloc           N/A          95%         2    ###....
 Passwall                 Tmut/Erth      #.......     95%         2    ###....
 Poisonous Vapours        Pois/Air       #.....       95%         2    ###....
 Shroud of Golubria       Chrm/Tloc      #.........   95%         2    ###....
 Swiftness                Chrm/Air       #.......     95%         2    ###....
 Conjure Flame            Conj/Fire      #.......     99%         3    ####...
 Gell's Gravitas          Tloc           #.........   99%         3    ####...
 Ignite Poison            Fire/Tmut/Pois #.......     99%         3    ####...
 Lesser Beckoning         Tloc           #.........   99%         3    ####...
 Mephitic Cloud           Conj/Pois/Air  #.......     99%         3    ####...
 Recall                   Summ/Tloc      N/A          99%         3    ####...
 Teleport Other           Tloc           #.......     99%         3    ####...
 Passage of Golubria      Tloc           N/A          100%        4    #####..
 Aura of Abjuration       Summ           #.........   100%        5    ######.
 Lee's Rapid Deconstruct  Erth           #.........   100%        5    ######.
 Summon Demon             Summ           #.........   100%        5    ######.
 Summon Forest            Summ/Tloc      #.........   100%        5    ######.
 Summon Mana Viper        Hex/Summ       #.......     100%        5    ######.
 Darkness                 Hex            #.........   100%        6    #######
 Freezing Cloud           Conj/Ice/Air   #.........   100%        6    #######
 Invisibility             Hex            #.......     100%        6    #######
 Shadow Creatures         Summ           N/A          100%        6    #######
 Ring of Flames           Chrm/Fire      #.........   100%        7    #######


Dungeon Overview and Level Annotations

Branches:
Dungeon (15/15)            Temple (0/1) D:6            Lair (6/6) D:8
  Swamp (0/4) Lair:3       Spider (0/4) Lair:4        Slime (0/5) Lair:5
    Orc (2/2) D:9             Elf (0/3) Orc:2        Vaults (0/5) D:14
 Depths (2/5) D:15

Altars:
Dithmenos
Elyvilon
Fedhas
Hepliaklqana
Okawaru
Qazlal
Ru
Sif Muna
Trog
Yredelemnul
The Shining One
Beogh
Jiyva

Shops:
Orc:2 %:?   Depths:1 (   Depths:2 !=

Portals:
Hell: Depths:1
Pandemonium: Orc:2
Ziggurat: Depths:2
Trove: D:14 (give +2 storm dragon scales)

Annotations:
D:2 exclusion: downstairs
D:3 exclusion: 2 goblins
Lair:1 1 runed translucent door, Voker57's ghost, journeyman DsGl
Depths:1 1 runed translucent door, Enui's ghost, veteran DDFi


Innate Abilities, Weirdness & Mutations

You are partially covered in slimy green scales. (AC +2)
Your body sometimes deteriorates upon taking damage.
You expend magic power (3 MP) to strengthen your wands.


Message History

You hit the crystal guardian but do no damage.
You hit the crystal guardian.
The crystal guardian fires a crystalline bolt at you.
The crystal bolt burns you! You resist.
The ettin hits you with a +0 dire flail!
The ettin hits you with a +0 dire flail!!
* * * LOW HITPOINT WARNING * * *
As you read the scroll of teleportation, it crumbles to dust.
You feel strangely unstable.
The crystal guardian fires a crystalline bolt at you.
The crystal bolt burns you!! You resist.
* * * LOW HITPOINT WARNING * * *
The crystal bolt burns you but does no damage.
The ettin hits you but does no damage. You block the ettin's attack.
You hit the crystal guardian.
The crystal guardian is lightly damaged.
You hit the ettin.
The crystal guardian fires a crystalline bolt at you.
The crystal bolt freezes you!!
You die...

## ## ... #######'##### ..
..#.........# # .g# #.#.#.#8#.#.#
# #C# #.#.........####### # #.#
#.##).8....##.#.#.#.#.# ..+ #D#
#.'.#8C#..#†'.........+ ..#
#c##c###.@...###.#.#.#.#.# ..#
#.#.#?........#.######### ..#
#c.#.(.#.#().#.#.#.#.#.#
..#.........#...#.#.()#)........#
..#####+#########'#########'#####
...........(.(........#...#.#...#
....########.(........#.#.....#.#
.#### ####.#######..#..##.##[.#
.# ##.##.# #..##.#.#.#.##


You could see an ettin and 3 crystal guardians.

Vanquished Creatures
  Sojobo (Depths:2)
  A caustic shrike (Depths:2)
  Gastronok (Lair:3)
  2 tengu reavers (Depths:2)
  A spriggan defender (Depths:2)
  6 stone giants
  6 very ugly things (Depths:1)
  Nessos (Lair:4)
  4 vampire knights
  2 ettins
  2 rakshasas
  4 fire dragons
  6 hydras
  Fannar (Lair:1)
  An ice dragon (Depths:1)
  6 great orbs of eyes
  An anaconda (shapeshifter) (Depths:2)
  Harold (D:8)
  4 vault guards (D:14)
  13 two-headed ogres
  2 ogre magi (Depths:1)
  7 centaur warriors
  3 tengu warriors
  5 death yaks
  6 deep troll shamans
  4 deep troll earth magi
  8 orc high priests (Orc:2)
  Urug (Lair:1)
  A spriggan berserker (Depths:2)
  A vampire mage (Depths:2)
  A spark wasp zombie (D:15)
  3 iron trolls
  Nergalle (Lair:2)
  A sixfirhy (Orc:2)
  2 skeletal warriors (D:15)
  5 unseen horrors
  16 deep trolls
  An infernal demonspawn (Orc:2)
  2 wizards
  A flayed ghost (D:15)
  A necromancer (D:15)
  4 orc knights (Orc:2)
  10 ugly things
  3 shining eyes
  2 manticores
  2 deep elf magi
  4 orc sorcerers (Orc:2)
  A stone giant zombie (D:15)
  2 cyclopes
  3 black mambas
  Maurice (D:8)
  Psyche (D:8)
  A fire giant skeleton (D:15)
  An eye of devastation (Depths:1)
  27 spiny frogs
  2 torpor snails
  2 kobold demonologists (D:14)
  3 rime drakes
  A yaktaur (Depths:2)
  8 komodo dragons
  2 red devils (Orc:2)
  A troll (shapeshifter) (D:15)
  5 trolls
  2 polar bears
  3 meliai (D:15)
  4 tyrant leeches (Lair:6)
  A queen bee (D:12)
  3 hornets
  9 blink frogs (Lair:6)
  10 slime creatures
  9 hippogriffs
  Sigmund (D:3)
  A redback (shapeshifter) (Depths:2)
  A spriggan (shapeshifter) (Depths:1)
  A wraith (D:10)
  3 wyverns
  A fire dragon skeleton (D:15)
  A ynoxinul (Orc:2)
  A fire elemental (Lair:4)
  3 fire bats (Lair:4)
  3 golden eyes
  50 yaks
  3 basilisks
  Eustachio (D:5)
  Grum (Lair:1)
  A neqoxec (Orc:2)
  A hog (shapeshifter) (D:13)
  A chaos spawn (Orc:2)
  8 vampire mosquitoes
  3 hungry ghosts
  2 wargs
  Menkaure (D:7)
  A swamp drake (Lair:3)
  A floating eye (Depths:1)
  4 acid dragons
  15 water moccasins
  15 porcupines
  41 orc warriors
  4 ice beasts
  3 eyes of draining
  3 sky beasts
  4 black bears
  12 ogres
  3 phantoms
  6 boggarts (Depths:2)
  8 wolves (Lair:1)
  A centaur (shapeshifter) (Depths:2)
  19 centaurs
  10 crocodiles
  7 big kobolds
  27 bullfrogs
  A wyvern zombie (D:12)
  A gnoll sergeant (Orc:1)
  A water moccasin zombie (D:6)
  2 wyvern skeletons
  6 scorpions
  35 killer bees
  11 wights
  4 electric eels
  2 howler monkeys
  12 crimson imps
  A bullfrog zombie (D:13)
  3 quasits
  8 centaur zombies
  10 hounds
  5 jellies
  21 orc priests
  A centaur skeleton (D:8)
  A gnoll shaman (D:4)
  7 iguanas
  3 bullfrog skeletons
  13 orc wizards
  Terence (D:2)
  6 worker ants
  2 big kobold zombies (Ossuary)
  3 mummies
  A hound zombie (D:5)
  2 hound skeletons (D:4)
  2 worker ant zombies
  A howler monkey zombie (D:5)
  7 adders
  14 gnolls
  A howler monkey skeleton (D:4)
  3 river rats
  5 shadow imps
  3 adder zombies
  An adder skeleton (D:5)
  4 worms
  5 dart slugs
  6 leopard geckos
  81 orcs
  4 bats
  4 giant cockroaches
  3 goblins
  9 hobgoblins
  17 jackals
  24 kobolds
  A quokka (D:4)
  5 frilled lizards
  A giant cockroach zombie (D:5)
  6 hobgoblin zombies (Ossuary)
  2 jackal zombies
  13 kobold zombies (Ossuary)
  A leopard gecko zombie (D:7)
  9 orc zombies (Ossuary)
  14 rats
  2 rat zombies (Ossuary)
  4 fungi
  8 plants (Lair:6)
  3 withered plants (D:15)
961 creatures vanquished.

Vanquished Creatures (others)
  An unseen horror (D:14)
  A boggart (Depths:2)
  A crocodile (Lair:3)
  21 fungi
  18 plants
  5 withered plants (D:15)
47 creatures vanquished.

Grand Total: 1008 creatures vanquished

Notes
Turn   | Place    | Note
-------+----------+-------------------------------------------
     0 | D:1      | Point the Hill Orc Fighter began the quest for the Orb.
     0 | D:1      | Reached XP level 1. HP: 19/19 MP: 1/1
   154 | D:1      | Reached skill level 3 in Axes
   154 | D:1      | Reached XP level 2. HP: 26/27 MP: 2/2
   553 | D:2      | Reached XP level 3. HP: 31/33 MP: 3/3
   745 | D:2      | Reached XP level 4. HP: 33/40 MP: 4/4
   836 | D:2      | Found a sacrificial altar of Ru.
   945 | D:2      | Reached skill level 4 in Axes
  1258 | D:3      | Noticed Sigmund
  1326 | D:3      | Noticed a hungry ghost
  1349 | D:3      | Killed a hungry ghost
  1349 | D:3      | Reached skill level 5 in Axes
  1349 | D:3      | Reached XP level 5. HP: 43/47 MP: 5/5
  1443 | D:3      | Reached XP level 6. HP: 49/53 MP: 6/6
  1449 | D:3      | Found a glowing drain.
  1530 | Sewer    | Entered a sewer
  1868 | Sewer    | Reached skill level 6 in Axes
  1906 | Sewer    | Found a glowing silver altar of Zin.
  2006 | D:3      | Killed Sigmund
  2006 | D:3      | Reached XP level 7. HP: 33/60 MP: 7/7
  2032 | D:3      | Noticed Terence
  2054 | D:2      | Killed Terence
  2269 | D:3      | Found an iron altar of Okawaru.
  2285 | D:3      | Became a worshipper of Warmaster Okawaru
  2301 | D:3      | Reached skill level 5 in Armour
  2612 | D:4      | Reached skill level 7 in Axes
  2687 | D:4      | Reached skill level 5 in Fighting
  2687 | D:4      | Reached skill level 5 in Shields
  3163 | D:4      | Reached skill level 8 in Axes
  3247 | D:4      | Reached XP level 8. HP: 57/68 MP: 8/8
  3250 | D:4      | Found a hazy altar of Hepliaklqana.
  3340 | D:4      | Reached * piety under Okawaru
  3357 | D:4      | Got a polished flail
  3358 | D:4      | Identified the +7 flail of Instinct {antimagic, rPois
                  | Int+3} (You found it on level 4 of the Dungeon)
  3723 | D:5      | Entered Level 5 of the Dungeon
  3808 | D:5      | Reached skill level 9 in Axes
  3982 | D:5      | Found a blossoming altar of Fedhas.
  4331 | D:5      | Reached skill level 10 in Axes
  4516 | D:5      | Reached ** piety under Okawaru
  4629 | D:5      | Reached XP level 9. HP: 59/75 MP: 3/9
  4630 | D:5      | Found a stormy altar of Qazlal.
  4633 | D:5      | Found a white marble altar of Elyvilon.
  4681 | D:5      | Noticed Eustachio
  4694 | D:5      | Killed Eustachio
  4970 | D:6      | Found a staircase to the Ecumenical Temple.
  5008 | D:6      | Found a sand-covered staircase.
  5017 | Ossuary  | Entered an ossuary
  5595 | D:6      | Reached *** piety under Okawaru
  5795 | D:7      | Found a shadowy altar of Dithmenos.
  5806 | D:7      | Reached skill level 1 in Invocations
  6081 | D:7      | Noticed Menkaure
  6101 | D:7      | Killed Menkaure
  6113 | D:7      | Reached XP level 10. HP: 32/88 MP: 3/11
  6486 | D:7      | Found a glowing golden altar of the Shining One.
  6486 | D:7      | Found a bloodstained altar of Trog.
  7064 | D:8      | Noticed Psyche
  7071 | D:8      | Killed Psyche
  7071 | D:8      | Reached **** piety under Okawaru
  7596 | D:8      | Noticed Harold
  7613 | D:8      | Killed Harold
  7883 | D:8      | Noticed Maurice
  7929 | D:8      | Killed Maurice
  7929 | D:8      | Reached ***** piety under Okawaru
  7929 | D:8      | Reached skill level 5 in Invocations
  7929 | D:8      | Reached skill level 1 in Evocations
  8118 | D:8      | Found a staircase to the Lair.
  8330 | D:8      | Noticed a two-headed ogre
  8336 | D:8      | Killed a two-headed ogre
  8336 | D:8      | Reached skill level 10 in Shields
  8442 | D:9      | Noticed a centaur warrior
  8456 | D:9      | Noticed a two-headed ogre
  8463 | D:9      | Killed a centaur warrior
  8463 | D:9      | Reached XP level 11. HP: 93/97 MP: 2/15
  8476 | D:9      | Killed a two-headed ogre
  9120 | D:9      | Received a gift from Okawaru
  9559 | D:9      | Found a staircase to the Orcish Mines.
  9611 | D:10     | Entered Level 10 of the Dungeon
  9844 | D:10     | Reached skill level 10 in Fighting
  9966 | D:10     | Gained mutation: You are partially covered in slimy green
                  | scales. (AC +2) [potion of mutation]
  9966 | D:10     | Gained mutation: Your natural rate of healing is unusually
                  | fast. [potion of mutation]
  9966 | D:10     | Gained mutation: You are frail. (-10% HP) [potion of
                  | mutation]
  9966 | D:10     | Gained mutation: You have an increased reservoir of magic.
                  | (+10% MP) [potion of mutation]
  9967 | D:10     | Lost mutation: You have an increased reservoir of magic.
                  | (+10% MP) [potion of mutation]
  9967 | D:10     | Lost mutation: Your natural rate of healing is unusually
                  | fast. [potion of mutation]
  9967 | D:10     | Lost mutation: You are frail. (-10% HP) [potion of
                  | mutation]
  9967 | D:10     | Gained mutation: You expend magic power (3 MP) to
                  | strengthen your wands. [potion of mutation]
  9967 | D:10     | Gained mutation: You have supernaturally acute eyesight.
                  | (SInv) [potion of mutation]
 11496 | D:12     | Noticed an unseen horror
 11507 | D:12     | Killed an unseen horror
 11507 | D:12     | Reached XP level 12. HP: 106/107 MP: 6/18
 11760 | D:12     | Reached skill level 10 in Armour
 12079 | D:12     | Received a gift from Okawaru
 12096 | D:12     | Got a brightly glowing quarterstaff {god gift}
 12891 | D:13     | Noticed a tengu warrior
 12893 | D:13     | Noticed a two-headed ogre
 12929 | D:13     | Killed a tengu warrior
 12936 | D:13     | Killed a two-headed ogre
 13015 | D:13     | Identified the Reference Book on Quantum Ignition
 13037 | D:13     | Reached ****** piety under Okawaru
 13037 | D:13     | Received a gift from Okawaru
 13042 | D:13     | Got a pair of faintly glowing gloves {god gift}
 13048 | D:13     | Identified the +0 pair of gloves of Listlessness {*Slow
                  | +Blink rElec SInv} (Okawaru gifted it to you on level 13 of
                  | the Dungeon)
 13084 | D:13     | Noticed a five-headed hydra
 13101 | D:13     | Killed a five-headed hydra
 13153 | D:13     | Reached XP level 13. HP: 118/118 MP: 6/20
 13180 | D:13     | Reached skill level 10 in Invocations
 13648 | D:13     | You fall through a shaft!
 13986 | D:14     | Found a basalt altar of Yredelemnul.
 14000 | D:14     | Noticed a fire dragon
 14030 | D:14     | Killed a fire dragon
 14291 | D:14     | Noticed a vault guard
 14293 | D:14     | Noticed a vault guard
 14335 | D:14     | Killed a vault guard
 14335 | D:14     | Received a gift from Okawaru
 14336 | D:14     | Noticed a vault guard
 14373 | D:14     | Killed a vault guard
 14399 | D:14     | Killed a vault guard
 14434 | D:14     | Noticed a vault guard
 14474 | D:14     | Killed a vault guard
 14585 | D:14     | Found a gate to the Vaults.
 14596 | D:14     | Found a portal to a secret trove of treasure.
 14718 | D:14     | Noticed a fire dragon
 14732 | D:14     | Killed a fire dragon
 14732 | D:14     | Reached XP level 14. HP: 111/129 MP: 22/22
 15031 | D:15     | Entered Level 15 of the Dungeon
 15041 | D:15     | Reached skill level 11 in Axes
 15122 | D:15     | Found a white marble altar of Elyvilon.
 15427 | D:15     | HP: 6/129 [poisoned by a meliai]
 15432 | D:15     | HP: 5/129 [poisoned by a meliai]
 15437 | D:15     | HP: 5/129 [poisoned by a meliai]
 15443 | D:15     | HP: 6/129 [poisoned by a meliai]
 15702 | D:15     | Found a staircase to the Depths.
 15717 | D:15     | Received a gift from Okawaru
 15717 | D:15     | Reached skill level 12 in Axes
 15762 | D:15     | Got a dull robe {god gift}
 16380 | Lair:1   | Entered Level 1 of the Lair of Beasts
 16385 | Lair:1   | Identified the +2 robe of the Gloaming {rC+ Str+3 Dex+2}
                  | (Okawaru gifted it to you on level 15 of the Dungeon)
 16409 | Lair:1   | Noticed Grum
 16415 | Lair:1   | Noticed Urug
 16424 | Lair:1   | Killed Grum
 16434 | Lair:1   | Killed Urug
 16738 | Lair:1   | Noticed Fannar
 16772 | Lair:1   | Killed Fannar
 16773 | Lair:1   | Found a runed translucent door.
 16851 | Lair:1   | Noticed Voker57's ghost (journeyman DsGl)
 17104 | Lair:2   | Reached skill level 13 in Axes
 17259 | Lair:2   | Noticed Nergalle
 17269 | Lair:2   | Killed Nergalle
 17925 | Lair:3   | Found a staircase to the Swamp.
 18115 | Lair:3   | Reached skill level 15 in Shields
 18441 | Lair:3   | Noticed Gastronok
 18468 | Lair:3   | Killed Gastronok
 18468 | Lair:3   | Reached XP level 15. HP: 118/138 MP: 8/24
 19003 | Lair:4   | Received a gift from Okawaru
 19008 | Lair:4   | Got a smoking trident {god gift}
 19009 | Lair:4   | Identified the +9 trident "Hydrabane" {venom, Dex+4}
                  | (Okawaru gifted it to you on level 4 of the Lair of Beasts)
 19580 | Lair:4   | Reached skill level 14 in Axes
 19641 | Lair:4   | Found a hole to the Spider Nest.
 19683 | Lair:4   | Noticed Nessos
 19699 | Lair:4   | Killed Nessos
 20604 | Lair:5   | Found a shadowy altar of Dithmenos.
 20696 | Lair:5   | Found a staircase to the Slime Pits.
 20696 | Lair:5   | Found a viscous altar of Jiyva.
 21256 | Lair:5   | Found a deep blue altar of Sif Muna.
 21661 | Lair:6   | Entered Level 6 of the Lair of Beasts
 21751 | Lair:6   | Reached skill level 5 in Evocations
 21779 | Lair:6   | Received a gift from Okawaru
 22060 | Lair:6   | Reached skill level 15 in Axes
 23591 | Orc:1    | Entered Level 1 of the Orcish Mines
 24171 | Orc:2    | Entered Level 2 of the Orcish Mines
 24171 | Orc:2    | Found a roughly hewn altar of Beogh.
 24295 | Orc:2    | Found a staircase to the Elven Halls.
 25013 | Orc:2    | Found Xigyt's Magic Scroll Shop.
 25062 | Orc:2    | Found Sanut's Food Boutique.
 25079 | Orc:2    | Reached XP level 16. HP: 147/147 MP: 26/26
 25304 | Orc:2    | Reached skill level 16 in Axes
 25803 | Orc:2    | Received a gift from Okawaru
 25984 | Orc:2    | Found Egod's Antique Weapon Shoppe.
 25984 | Orc:2    | Found Lueciva's Book Emporium.
 25984 | Orc:2    | Found a one-way gate leading to the halls of Pandemonium.
 26618 | Depths:1 | Entered Level 1 of the Depths
 27131 | Depths:1 | Received a gift from Okawaru
 27541 | D:15     | Learned a level 1 spell: Confusing Touch
 27656 | Depths:1 | Reached skill level 1 in Hexes
 27664 | Depths:1 | Reached skill level 15 in Fighting
 27959 | Depths:1 | Received a gift from Okawaru
 28209 | Depths:1 | Reached skill level 1 in Spellcasting
 28224 | Depths:1 | Noticed a lich
 28469 | D:15     | Paralysed by a vampire knight for 2 turns
 29155 | Depths:1 | Received a gift from Okawaru
 29155 | Depths:1 | Reached skill level 17 in Axes
 29199 | Depths:1 | Reached XP level 17. HP: 119/156 MP: 21/27
 29224 | Depths:1 | Found a runed translucent door.
 30054 | Depths:1 | Noticed Enui's ghost (veteran DDFi)
 30093 | Depths:1 | Found Bujasieg's Weapon Shop.
 30123 | Depths:1 | Found a gateway to Hell.
 30271 | Depths:1 | Upgraded the game from 0.24-a0-205-g1d96822 to
                  | 0.24-a0-217-g1152973
 30746 | Depths:2 | Found Nitenarr's Distillery.
 31270 | Depths:2 | Reached skill level 18 in Axes
 31343 | Depths:2 | Noticed a caustic shrike
 31354 | Depths:2 | HP: 8/237 [caustic shrike (12)]
 31357 | Depths:2 | Killed a caustic shrike
 31778 | Depths:1 | Received a gift from Okawaru
 31985 | Depths:1 | Lost mutation: You have supernaturally acute eyesight.
                  | (SInv) [a shining eye]
 32088 | Depths:2 | Found a gateway to a ziggurat.
 32148 | Depths:2 | Reached skill level 15 in Armour
 32180 | Depths:2 | Gained mutation: Your body sometimes deteriorates upon
                  | taking damage. [a shining eye]
 32917 | Depths:2 | Noticed Sojobo
 32945 | Depths:2 | Killed Sojobo
 33059 | Depths:2 | Found Qeduom's Gadget Shoppe.
 33070 | Depths:2 | Found Jafetoet's Jewellery Shop.
 33086 | Depths:2 | Bought a +5 amulet of reflection for 700 gold pieces
 33273 | Depths:2 | Killed from afar by a crystal guardian

Levels and vault maps discovered:
D:1:      minmay_arrival_doors, layout_rooms
D:2:      layout_rooms, nicolae_ru_awakened_eye, minmay_pentomino_t2
D:3:      layout_loops_ring, portal_sewer_entry_b, kennysheep_path_1,
          kennysheep_okawaru_gauntlet, uniq_terence, uniq_sigmund
D:4:      layout_loops_corners, marbit_many_paths, serial_rivers,
          chequers_serial_rivers_micro_b, chequers_serial_rivers_small_a,
          chequers_serial_rivers_micro_c, chequers_serial_rivers_micro_a,
          chequers_serial_rivers_room_a, chequers_serial_rivers_micro_c,
          st_stairs_5
D:5:      minmay_razor_zed, layout_basic, nicolae_overflow_hidden_temple,
          first_ration, basic_altar, lexackson_kobold_supper, uniq_eustachio
D:6:      layout_basic, minmay_temple_entry_trees, gup_ossuary_entry_pyramid
D:7:      layout_basic, gammafunk_temple_overflow_wave,
          nicolae_dithmenos_through_a_glass_darkly, uniq_menkaure
D:8:      layout_basic, lair_entry_dummy, uniq_harold, uniq_psyche, uniq_maurice
D:9:      layout_loops_ring, erik_orc_2
D:10:     layout_stronghold
D:11:     layout_stronghold, serial_column_ruins, column_ruins_open_tiny,
          column_ruins_open_tiny, column_ruins_columns_straight,
          column_ruins_corridor_T, column_ruins_columns_straight,
          column_ruins_corridor_corner, column_ruins_columns_corner
D:12:     layout_loops_corners, david_nohive_1
D:13:     layout_basic
D:14:     layout_roguey, lightli_vaults_fourway_checkpoint,
          nicolae_trove_entry_crossroad, moated_statue,
          minmay_stone_trees_small, minmay_crystal_room, lemuel_hellish_altar
D:15:     gammafunk_depths_entry_grave, layout_gridville, elyvilon_altar_3,
          grunt_decor_fettered
Lair:1:   layout_hall_layers, ebering_ghost_reflecting_pool, uniq_grum,
          uniq_fannar, uniq_urug
Lair:2:   layout_roguey, lemuel_fruit_tree, grunt_megastairs_3,
          infiniplex_staircase_pool_2, uniq_nergalle
Lair:3:   layout_roguey, minmay_swamp_entry_reptiles, uniq_gastronok
Lair:4:   layout_gridlike, dummy_spider_entry, serial_bayou_shore_b,
          serial_bayou_shore_b, grunt_megastairs_5, infiniplex_staircase_pool,
          uniq_nessos
Lair:5:   layout_hall_layers, slime_altar_1, basic_altar, lemuel_centaur_altar
Lair:6:   minmay_lair_end_frog_pond, layout_regular_city
Orc:1:    nicolae_orc_accident_1, layout_caves, nicolae_orc_bridge_out
Orc:2:    pf_orc_diabolical, layout_diamond_mine, basic_altar
Depths:1: layout_cave_shapes, pf_dread_powers_of_hell,
          muffindrake_ghost_dead_mans_drink, serial_shops, nicolae_shop_trees,
          hangedman_abyss_or_decor_slice, hangedman_eye_storm
Depths:2: minmay_the_grid_net [minmay_the_grid_artifice,
          minmay_the_grid_odd_star, minmay_the_grid_diamond_grid,
          minmay_the_grid_box_x, minmay_the_grid_slots,
          minmay_the_grid_prize_big_room], layout_gridlike, enter_ziggurat_d,
          serial_shops, kennysheep_little_box, kennysheep_mini_moat, shop,
          nicolae_lava_and_water, pf_hell_entry_tar_river,
          minmay_misc_feat_four_crosses, uniq_sojobo
Sewer:    sewer_kobolds
Ossuary:  ossuary_tomb_1

Skill      XL: |  1  2  3  4  5  6  7  8  9 10 11 12 13 14 15 16 17 |
---------------+----------------------------------------------------+-----
Axes           | 3 5 6 8 10 13 15 17 18 | 18.0
Fighting       | 4 5 6 7 9 10 12 13 14 15 16 | 16.7
Armour         | 4 5 6 7 8 9 10 11 12 14 15 | 15.5
Shields        | 4 5 6 8 10 11 13 14 15 | 15.4
Invocations    | 2 5 8 9 11 13 | 13.5
Evocations     | 2 3 4 6 7 8 |  8.1
Hexes          | 3 |  3.9
Spellcasting   | 2 |  2.5
Throwing       | |  0.2
Stealth        | |  0.8

Action                   |  1- 3 |  4- 6 |  7- 9 | 10-12 | 13-15 | 16-18 || total
-------------------------+-------+-------+-------+-------+-------+-------++-------
Melee: War axe           |   116 |   126 |   158 |       |    12 |       ||   412
       Flail             |       |       |   325 |   929 |   467 |   373 ||  2094
       Broad axe         |       |       |       |       |  1147 |   583 ||  1730
Throw: Javelin           |       |       |       |       |       |     4 ||     4
Invok: Heroism           |       |       |       |    14 |    15 |    17 ||    46
       Finesse           |       |       |       |       |    12 |    10 ||    22
 Abil: Evoke Berserk Rag |       |       |       |       |     1 |     3 ||     4
Evoke: Wand              |       |       |       |       |     5 |    17 ||    22
  Use: Potion            |       |     2 |     1 |     3 |     1 |     9 ||    16
       Scroll            |       |     9 |     3 |    12 |    16 |     7 ||    47
  Eat: Ration            |       |     2 |       |       |     4 |     5 ||    11
       Chunk             |       |     2 |    13 |    26 |    28 |    12 ||    81
Armor: Scale mail        |    55 |     4 |       |       |       |       ||    59
       Plate armour      |       |    54 |   246 |   465 |   720 |   344 ||  1829
Dodge: Dodged            |    32 |    13 |   164 |   521 |   447 |   212 ||  1389
Block: Shield            |    73 |    49 |   288 |   207 |   900 |   568 ||  2085
       Buckler           |       |       |       |   365 |   166 |       ||   531
       Reflection        |       |       |       |       |       |     1 ||     1

Table legend:
 A = Non-vault XP
 B = Vault XP
 C = Vault XP percentage of total XP
 D = Non-vault monster count
 E = Vault monster count
 F = Vault count percentage of total count
                 A         B        C        D         E       F
            +---------+---------+-------+---------+---------+-------
      Total |  147957 |   93109 |  38.6 |     632 |     317 |  33.4
            +---------+---------+-------+---------+---------+-------
        D:1 |      21 |       0 |   0.0 |      11 |       0 |   0.0
        D:2 |      69 |      51 |  42.5 |      27 |       3 |  10.0
        D:3 |     238 |     262 |  52.4 |      20 |       9 |  31.0
        D:4 |     531 |     139 |  20.7 |      22 |       3 |  12.0
        D:5 |     414 |     794 |  65.7 |      12 |      20 |  62.5
        D:6 |     885 |      21 |   2.3 |      19 |       1 |   5.0
        D:7 |    1074 |     157 |  12.8 |      23 |       1 |   4.2
        D:8 |    2221 |    1841 |  45.3 |      21 |       3 |  12.5
        D:9 |    3987 |     706 |  15.0 |      25 |      18 |  41.9
       D:10 |    2374 |       0 |   0.0 |      40 |       0 |   0.0
       D:11 |    1218 |       0 |   0.0 |      22 |       0 |   0.0
       D:12 |    8286 |    1158 |  12.3 |      46 |      15 |  24.6
       D:13 |   10229 |       0 |   0.0 |      36 |       0 |   0.0
       D:14 |   11138 |    7566 |  40.5 |      41 |      12 |  22.6
       D:15 |   14045 |    4986 |  26.2 |      32 |       9 |  22.0
     Lair:1 |    2882 |    2278 |  44.1 |      18 |       5 |  21.7
     Lair:2 |    3396 |    1390 |  29.0 |      13 |       4 |  23.5
     Lair:3 |    6474 |    2807 |  30.2 |      20 |       5 |  20.0
     Lair:4 |    6067 |    1537 |  20.2 |      20 |       2 |   9.1
     Lair:5 |    3075 |     442 |  12.6 |      14 |       4 |  22.2
     Lair:6 |   10641 |   12465 |  53.9 |      32 |      48 |  60.0
      Orc:1 |    1866 |     516 |  21.7 |      32 |       4 |  11.1
      Orc:2 |    1710 |   16414 |  90.6 |      19 |      65 |  77.4
   Depths:1 |   45887 |    6273 |  12.0 |      53 |      13 |  19.7
   Depths:2 |    9229 |   30930 |  77.0 |      14 |      26 |  65.0
      Sewer |       0 |     118 | 100.0 |       0 |       8 | 100.0
    Ossuary |       0 |     258 | 100.0 |       0 |      39 | 100.0
            +---------+---------+-------+---------+---------+-------
